 Dungeon Crawl Stone Soup version 0.24-a0-474-g47c397e050 (webtiles) character file.

Game seed: 8635401940222753601

305 Peloso the Slasher (level 6, -4/53 HPs)
             Began as a Minotaur Fighter on July 5, 2019.
             Slain by an orc warrior
             ... wielding a cursed -3 dire flail
              (13 damage)
             ... on level 4 of the Dungeon.
             The game lasted 00:04:14 (1893 turns).

Peloso the Slasher (Minotaur Fighter)               Turns: 1893, Time: 00:04:15

Health: -4/53      AC:  7    Str: 21    XL:     6   Next: 16%
Magic:  5/5        EV:  8    Int:  5    God:
Gold:   150        SH: 10    Dex: 11    Spells: 5/5 levels left

rFire    . . .     SeeInvis .   a - +0 long sword
rCold    . . .     Gourm    +   c - +0 shield
rNeg     . . .     Faith    .   b - +0 scale mail
rPois    .         Spirit   .   (helmet restricted)
rElec    .         Reflect  .   (no cloak)
rCorr    .         Harm     .   (no gloves)
MR       .....                  (no boots)
Stlth    ..........             p - amulet of the gourmand
HPRegen  0.17/turn              (no ring)
MPRegen  0.09/turn              (no ring)

@: no status effects
A: retaliatory headbutt, horns 2
a: no special abilities


You were on level 4 of the Dungeon.
You were completely stuffed.

You visited 1 branch of the dungeon, and saw 4 of its levels.

You collected 150 gold pieces.

Inventory:

Hand Weapons
 a - a +0 long sword (weapon)
Armour
 b - a +0 scale mail (worn)
 c - a +0 shield (worn)
Jewellery
 k - an uncursed amulet of rage
 p - an amulet of the gourmand (around neck)
 u - an uncursed ring of protection from cold
Wands
 r - a wand of digging (5)
Scrolls
 e - a scroll of magic mapping {unknown}
 g - 4 scrolls of identify {unknown}
 i - 2 scrolls of remove curse {unknown}
 m - a scroll of fog {unknown}
 n - 2 scrolls of immolation {unknown}
 o - a scroll of noise {unknown}
 q - a scroll of blinking {unknown}
Potions
 d - a potion of might
 h - 2 potions of agility {unknown}
 j - a potion of lignification {unknown}
 l - a potion of mutation {unknown}
 s - a potion of curing {unknown}
 t - a potion of degeneration {unknown}
Comestibles
 f - 7 rations


   Skills:
 + Level 4.5 Fighting
 + Level 5.4 Long Blades
 + Level 4.5 Armour
 + Level 1.1 Dodging
 + Level 0.3 Stealth
 + Level 5.1 Shields


You had 5 spell levels left.
You didn't know any spells.
Your spell library was empty.

Dungeon Overview and Level Annotations

Branches:
Dungeon (4/15)
 Temple: D:4-7

Altars:
Elyvilon
Xom


Innate Abilities, Weirdness & Mutations

You reflexively headbutt those who attack you in melee.
You have a pair of horns on your head.


Message History

You hit the orc warrior but do no damage.
The orc warrior is moderately wounded.
You block the orc warrior's attack.
You barely miss the orc warrior. Your headbutt misses the orc warrior.
The orc warrior is moderately wounded.
The orc warrior hits you with a cursed -3 dire flail!
You hear a bark!
You hit the orc warrior but do no damage.
The orc warrior is moderately wounded.
You hear a bark! x2
A jackal comes into view.
The orc warrior hits you with a cursed -3 dire flail!
* * * LOW HITPOINT WARNING * * *
You closely miss the orc warrior.
The orc warrior is moderately wounded.
You block the orc warrior's attack. You block the jackal's attack.
You hit the orc warrior.
The orc warrior is heavily wounded.
The orc warrior hits you with a cursed -3 dire flail!
You die...

## ...
#.####################
#....(................
#.....................
#.....................
#...h.............<...
....##@#######..#.##...
. #o##....##########
#S{...... #o.......
#........ #........
#........ #.......#
#.......#


You could see an orc warrior, an orc, a jackal and a ball python.

Vanquished Creatures
  A howler monkey (D:3)
  An orc priest (D:3)
  3 orc wizards (D:3)
  Ijyb (D:3)
  An adder (D:3)
  An ooze (D:4)
  2 worms (D:3)
  2 dart slugs (D:1)
  2 leopard geckos
  16 orcs
  2 ball pythons
  2 giant cockroaches
  7 goblins
  10 hobgoblins
  8 jackals
  3 quokkas
  5 bats
  5 frilled lizards
  7 kobolds
  10 rats
89 creatures vanquished.

Notes
Turn   | Place    | Note
-------+----------+-------------------------------------------
     0 | D:1      | Peloso the Minotaur Fighter began the quest for the Orb.
     0 | D:1      | Reached XP level 1. HP: 19/19 MP: 0/0
   185 | D:1      | Reached XP level 2. HP: 27/27 MP: 1/1
   775 | D:2      | Reached XP level 3. HP: 31/33 MP: 2/2
  1189 | D:3      | Found a white marble altar of Elyvilon.
  1215 | D:3      | Reached XP level 4. HP: 37/40 MP: 3/3
  1307 | D:3      | Reached XP level 5. HP: 44/47 MP: 4/4
  1311 | D:3      | Reached skill level 1 in Dodging
  1558 | D:3      | Reached skill level 5 in Shields
  1574 | D:3      | Noticed Ijyb
  1594 | D:3      | Killed Ijyb
  1601 | D:3      | Reached skill level 5 in Long Blades
  1694 | D:3      | Reached XP level 6. HP: 39/53 MP: 5/5
  1713 | D:3      | Found a shimmering altar of Xom.
  1879 | D:4      | Noticed an orc warrior
  1893 | D:4      | Slain by an orc warrior

Levels and vault maps discovered:
D:1:      nzn_arrival_water_spiral, layout_basic, minmay_misc_feat_tower,
          kennysheep_boxes
D:2:      layout_basic, first_ration
D:3:      layout_loops_ring, lemuel_round_altar, nicolae_overflow_hidden_temple,
          uniq_ijyb
D:4:      layout_gridville, kennysheep_little_box,
          nicolae_overflow_crystal_walls, minmay_manual_mares, uniq_menkaure,
          uniq_robin

Skill      XL: |  1  2  3  4  5 |
---------------+----------------+-----
Armour         | 4 |  4.5
Shields        | 4 5 |  5.1
Fighting       | 4 |  4.5
Long Blades    | 3 5 |  5.4
Dodging        | 1 |  1.1
Stealth        | |  0.3

Action                   |  1- 3 |  4- 6 || total
-------------------------+-------+-------++-------
Melee: Long sword        |    94 |   104 ||   198
       Headbutt          |    10 |    23 ||    33
  Eat: Chunk             |     1 |    16 ||    17
Armor: Scale mail        |    45 |    29 ||    74
Dodge: Dodged            |    31 |    23 ||    54
Block: Shield            |    45 |    49 ||    94
       Rpst.: Long sword |     7 |    10 ||    17

Table legend:
 A = Non-vault XP
 B = Vault XP
 C = Vault XP percentage of total XP
 D = Non-vault monster count
 E = Vault monster count
 F = Vault count percentage of total count
                 A         B        C        D         E       F
            +---------+---------+-------+---------+---------+-------
      Total |     402 |      35 |   8.0 |      88 |       1 |   1.1
            +---------+---------+-------+---------+---------+-------
        D:1 |      34 |       0 |   0.0 |      19 |       0 |   0.0
        D:2 |      35 |       0 |   0.0 |      22 |       0 |   0.0
        D:3 |     317 |      35 |   9.9 |      43 |       1 |   2.3
        D:4 |      16 |       0 |   0.0 |       4 |       0 |   0.0
            +---------+---------+-------+---------+---------+-------
